[Event "Lliga Catalana DH 2023"]
[Site "Catalonia"]
[Date "2023.03.04"]
[Round "7.1"]
[White "Almeida Quintana, Omar"]
[Black "Cuartas, Jaime Alexander"]
[Result "1/2-1/2"]
[ECO "E11"]
[WhiteElo "2527"]
[BlackElo "2509"]
[Annotator "TA"]
[PlyCount "149"]
[EventDate "2023.01.24"]
[EventType "team-tourn"]
[EventCountry "ESP"]
[SourceTitle "playchess.com"]
[Source "ChessBase"]
[SourceQuality "1"]
[TimeControl "40/5400+30:1800+30"]

1. d4 Nf6 2. Nf3 e6 3. c4 Bb4+ 4. Bd2 Qe7 5. g3 Nc6 6. Bg2 Bxd2+ 7. Nbxd2 d6 8. O-O a5 9. Nb1 e5 {E11: Bogo-Indian.} 10. Nc3 O-O 11. h3 h6 (11... e4 $5 12. Nh2 a4 $11) 12. e4 {[#]} Bd7 $146 ({Predecessor:} 12... b6 13. Re1 Re8 14. Nd5 Qd8 15. dxe5 Nxe5 16. b3 Bb7 17. Nd4 Nxd5 18. exd5 Qf6 {½-½ Munoz Munoz,J (2092)-Alonso Blasco,J (2116) Aragon-chT Preferente A 2013 (8.38)}) 13. d5 Nb4 14. Ne1 c6 15. a3 Na6 16. Nd3 cxd5 17. cxd5 Rfc8 18. f4 ({Better is} 18. Qf3 $11) 18... b5 $15 19. Kh2 Nc5 20. fxe5 dxe5 21. Rc1 Ne8 22. Nb1 {[#] Strongly threatening Rxc5.} Nxd3 23. Qxd3 Nd6 24. Nd2 b4 {...Bb5 would be deadly.} 25. Qe3 Bb5 (25... Qg5 $5 26. Qf2 Bb5 $15) 26. Rfe1 Qg5 27. Qf2 Qd8 28. h4 Bd3 (28... bxa3 $17 29. bxa3 a4) 29. Qe3 $11 Bc2 30. Rf1 (30. axb4 $11 axb4 31. Re2) 30... Rab8 31. Rf2 b3 (31... bxa3 $17 32. bxa3 Ba4 33. Rxc8 Rxc8) 32. Bh3 Rc7 33. Bf1 a4 34. Re1 Qc8 35. Bh3 Qa6 {Black wants to play ...Bd3.} 36. Bf1 {Repels Bd3} Qa5 37. g4 Qc5 38. Qxc5 Rxc5 39. Kg3 f6 40. Rf3 Kh7 41. h5 Kg8 42. Rfe3 Kf8 43. Kf2 Ke7 44. Be2 Rg8 45. Rh1 Kd7 46. Rhh3 Rgc8 47. Rh1 Kc7 48. Ba6 Rd8 49. Be2 Kb6 50. Kf3 Ka5 51. Kf2 Rg8 52. Rg1 Kb6 53. Rh1 Rgc8 54. Rhh3 Nf7 55. Rh1 Ng5 56. Re1 Kc7 57. Ba6 Rb8 58. Bf1 Kd8 59. Nc4 Ke7 60. Nd2 Rbc8 61. Ba6 R8c7 62. Be2 Nf7 63. Nf1 Ng5 64. Nd2 Kf8 65. Bf1 Nf7 66. Be2 Nd6 67. Bf1 Kg8 68. Be2 Kh7 69. Rh1 Rf7 70. Kf3 Rfc7 71. Kf2 Kh8 72. Re1 Kg8 73. Bf1 Rc8 74. Ba6 R8c7 75. Bf1 {Weighted Error Value: White=0.10 (very precise) /Black=0.08 (flawless)} 1/2-1/2

[Event "Lliga Catalana DH 2023"]
[Site "Catalonia"]
[Date "2023.03.04"]
[Round "7.1"]
[White "Guerra Mendez, Jose Angel"]
[Black "Barseghyan, Harutyun"]
[Result "1-0"]
[ECO "B15"]
[WhiteElo "2497"]
[BlackElo "2431"]
[Annotator "TA"]
[PlyCount "63"]
[EventDate "2023.01.24"]
[EventType "team-tourn"]
[EventCountry "ESP"]
[SourceTitle "playchess.com"]
[Source "ChessBase"]
[SourceQuality "1"]
[TimeControl "40/5400+30:1800+30"]

1. e4 c6 2. d4 d5 3. Nc3 dxe4 4. Nxe4 Nf6 5. Nxf6+ exf6 6. c3 Bd6 7. Bd3 Na6 {[%emt 0:00:49] B15: Caro-Kann: 3 Nc3: 3...g6 and 3...dxe4 4 Nxe4 Nf6 5 Nxf6+ exf6.} 8. Ne2 Nc7 9. Qc2 h5 {[%emt 0:07:05] White is slightly better.} 10. Bd2 Kf8 11. O-O-O (11. c4 $14) 11... b5 $11 12. Kb1 Nd5 {[%emt 0:06:01] [#]} 13. Rde1 $146 ({Predecessor:} 13. Ng3 Be6 14. Ne4 g6 15. h3 Kg7 16. g4 Nf4 17. f3 Qc7 18. Nxd6 Qxd6 19. Be4 {½-½ Zhugin,N (2117)-Aleksandrov,D (2125) Anapa Sea Harbor Cup 2022 (7)}) 13... a5 14. g3 a4 15. Nf4 Bxf4 16. gxf4 h4 17. f5 Rh5 (17... Ne7 $11 {remains equal.}) 18. Rhg1 $16 Qd6 (18... Ra7 $142) 19. Qd1 Rh7 20. Qg4 $1 (20. Qe2 $6 Bd7 $14) 20... Ne7 (20... Ra7 $16 {was necessary.} 21. Bh6 Re7 22. Bxg7+ Ke8 23. Rxe7+ Qxe7) 21. Bf4 Qd5 {[%emt 0:03:01] [#] Black is weak on the dark squares} (21... Qd8 {might work better.}) 22. Rxe7 $1 $18 Kxe7 23. Re1+ Kf8 {[%emt 0:00:00][%cal Og7g6] Strongly threatening ...g6!} 24. Qe2 $1 {[%emt 0:00:00][%csl Ge1][%cal Re2e8] Prevents g6.} Bd7 {[%emt 0:00:00] [#] Repels Qe8+. ...Re8 would be deadly.} (24... Bxf5 $2 25. Qe7+ Kg8 26. Qe8+ Rxe8 27. Rxe8#) 25. Qe7+ $40 {[%emt 0:00:00][%mdl 128] White wants a kill.} Kg8 {[%emt 0:00:00] aiming for ...Rh5.} 26. Bd6 Qf3 {[%emt 0:00:00] [#]} (26... Bxf5 $2 {gets mated.} 27. Qe8+ Rxe8 28. Rxe8#) 27. Kc2 Rh5 (27... Bxf5 $2 {is a self mate.} 28. Qe8+ Rxe8 29. Rxe8#) 28. Qxd7 {[%emt 0:00:11] Threatens to win with Re8+.} Rg5 29. d5 Qxd5 (29... Rg1 30. Rxg1 Qxf2+ 31. Be2 Qxe2+ 32. Kb1 Qe4+ 33. Ka1 Qxd5) 30. Be4 {[%emt 0:00:24][%mdl 64] Skewer. A strong pair of Bishops. White is clearly winning.} Qxa2 31. Qxc6 {[%emt 0:00:18] Active counter play!} Kh7 32. Qxa8 {[%emt 0:02:12] Weighted Error Value: White=0.16 (very precise) /Black=0.39} 1-0

[Event "Lliga Catalana DH 2023"]
[Site "Catalonia"]
[Date "2023.03.04"]
[Round "7.2"]
[White "Asis Gargatagli, Hipolito"]
[Black "Munoz, Miguel"]
[Result "1-0"]
[ECO "B01"]
[WhiteElo "2501"]
[BlackElo "2356"]
[Annotator "TA"]
[PlyCount "63"]
[EventDate "2023.01.24"]
[EventType "team-tourn"]
[EventCountry "ESP"]
[SourceTitle "playchess.com"]
[Source "ChessBase"]
[SourceQuality "1"]
[TimeControl "40/5400+30:1800+30"]

1. e4 d5 2. exd5 Qxd5 3. Nc3 Qd6 4. d4 Nf6 5. Nf3 c6 6. h3 {B01: Scandinavian Defence.} Bf5 7. Nh4 {[#]} Bc8 $146 ({Resist} 7... Qe6+ 8. Be2 $16) ({Predecessor:} 7... Bg6 8. Nxg6 hxg6 9. g3 e6 10. Bg2 Nbd7 11. Bf4 Qb4 12. O-O Qxb2 13. Qd3 Bb4 {½-½ Seul,G (2372)-Korpa,B (2536) Biel HTO 54th 2021 (9)}) 8. Bc4 {White is slightly better.} Be6 9. Bb3 Bxb3 10. axb3 e6 11. O-O Be7 12. Nf3 O-O 13. Qe2 Nbd7 14. Rd1 Qc7 15. Ne5 Bd6 16. Bf4 Rfe8 17. Rd3 Nd5 18. Bg3 f5 19. Nxd7 Qxd7 (19... Bxg3 {is more complex.} 20. Rxg3 Qxd7 21. Qe5 Nb4) 20. Bxd6 Qxd6 21. Nxd5 exd5 22. Re3 Rxe3 23. Qxe3 $11 {[%mdl 4096] Endgame KQR-KQR} a6 24. Re1 Kf7 {Prevents Qe7+} 25. Qg5 Qd7 26. Re5 {White is much more active.} g6 $1 27. Qh4 $36 {[%mdl 2048] Black is under pressure. Black is weak on the dark squares} h5 28. Qg5 Re8 29. Qh6 {[#] White threatens Qh7+ and mate.} Kf6 30. h4 Qf7 $2 (30... Qd8 $14) 31. Qe3 $18 Re6 {[#]} 32. Rxf5+ $3 {[%mdl 512] Weighted Error Value: White=0.08 (flawless) /Black=0.11 (very precise)} 1-0

[Event "Lliga Catalana DH 2023"]
[Site "Catalonia"]
[Date "2023.03.04"]
[Round "7.2"]
[White "Vidarte Morales, Arturo"]
[Black "Alonso Bouza, Julio Javier"]
[Result "1/2-1/2"]
[ECO "D35"]
[WhiteElo "2276"]
[BlackElo "2384"]
[Annotator "TA"]
[PlyCount "37"]
[EventDate "2023.01.24"]
[EventType "team-tourn"]
[EventCountry "ESP"]
[SourceTitle "playchess.com"]
[Source "ChessBase"]
[SourceQuality "1"]
[TimeControl "40/5400+30:1800+30"]

1. d4 d5 2. c4 e6 3. Nc3 Nf6 4. cxd5 exd5 5. Bg5 Nbd7 6. e3 c6 7. Bd3 Be7 8. Nf3 h6 {[%emt 0:03:53] 8...Ne4 is the modern continuation.} 9. Bf4 Nh5 {[%emt 0:06:20] D35: Queen's Gambit Declined: Exchange Variation.} 10. O-O Nxf4 11. exf4 O-O 12. Qd2 Bd6 13. Rfe1 {[%emt 0:02:04] [#]} Nf6 $146 ({Predecessor:} 13... Qc7 14. Ne5 Re8 15. Re3 Nf8 16. Rc1 Qd8 17. Rce1 Qc7 18. g3 Bh3 19. Qd1 Bxe5 20. fxe5 {1-0 Schaffarth,P (1849)-Reichgeld,M (2003) GER MS-237 email 2016}) 14. Ne5 c5 15. dxc5 Bxc5 16. Rad1 Ng4 17. Nxg4 Bxg4 18. Be2 Bxe2 19. Rxe2 {[%emt 0:05:51] Weighted Error Value: White=0.08 (flawless) /Black=0.09 (flawless)} 1/2-1/2

[Event "Lliga Catalana DH 2023"]
[Site "Catalonia"]
[Date "2023.03.04"]
[Round "7.3"]
[White "Alonso Garcia, Rene Marcial"]
[Black "Kozlov, Gennady"]
[Result "0-1"]
[ECO "B10"]
[WhiteElo "2314"]
[BlackElo "2384"]
[Annotator "TA"]
[PlyCount "90"]
[EventDate "2023.01.24"]
[EventType "team-tourn"]
[EventCountry "ESP"]
[SourceTitle "playchess.com"]
[Source "ChessBase"]
[SourceQuality "1"]
[TimeControl "40/5400+30:1800+30"]

1. e4 c6 2. c4 d5 3. exd5 cxd5 4. cxd5 Nf6 5. Qa4+ Nbd7 6. Nc3 g6 7. Nf3 Bg7 8. Bc4 {[%emt 0:00:06] B10: Caro-Kann: 2 d3 and 2 c4.} O-O {[%emt 0:00:07][%mdl 1024] Black has compensation.} 9. d3 a6 10. Qa3 {[%emt 0:00:48] The position is equal.} b6 11. O-O Bb7 12. Re1 b5 13. Bb3 Nb6 (13... Re8 $11) 14. Qxe7 $14 {[%emt 0:07:52] [#]} Qxe7 $146 ({Predecessor:} 14... Bxd5 15. Qxd8 Raxd8 16. Be3 Nc8 17. Bc5 Bxf3 18. Bxf8 Kxf8 19. gxf3 Nd7 20. d4 Nd6 {0-1 Bortnyk,O (2604)-Melkumyan,H (2645) Titled Tuesday intern op 04th Oct Late blitz 2022 (6)}) 15. Rxe7 Bxd5 {[%emt 0:00:16] Black is weak on the dark squares} 16. Nxd5 Nfxd5 17. Rb7 Rfb8 18. Rxb8+ Rxb8 19. d4 Nc4 20. a4 Nb4 21. axb5 axb5 22. Bxc4 bxc4 23. Ra4 (23. Bf4 $14 Rc8 24. Be3) 23... Nd3 $1 $11 24. Rxc4 {[%emt 0:39:50] White is on the road to losing.} (24. Ra1 $11) 24... Ra8 $1 $17 {Black has more active pieces.} 25. d5 {[%emt 0:02:24] [#]} Ra1 $1 26. Rc8+ (26. d6 {keeps fighting.} Bf6 27. d7 (27. Rc8+ $2 Kg7 $19)) 26... Bf8 $19 27. d6 Nxc1 28. Kf1 {[%emt 0:05:43] [#] Inhibits Ne2+.} Nd3+ $1 {[%mdl 64] Discovered Attack} 29. Ke2 {[%emt 0:00:11] d7 is the strong threat.} Nf4+ 30. Ke3 {[%emt 0:01:56] aiming for d7.} Nd5+ (30... Nxg2+ $142 31. Ke2 Nf4+ 32. Ke3 Nd5+ 33. Ke2 Ra7) 31. Ke2 {[%emt 0:02:30] d7 would be deadly.} Nf6 {Inhibits d7.} 32. Ne5 {[%emt 0:01:42] Black must now prevent d7.} Ra5 33. Nc6 (33. Ng4 $17 {was necessary.} Nd7 34. Rd8) 33... Rb5 34. Rd8 (34. b4 $142) 34... Rb6 35. d7 Nxd7 ({But not} 35... Rxc6 36. Rxf8+ Kxf8 37. d8=Q+ (37. d8=R+ $2 {too greedy.} Ke7 $19) 37... Ne8 38. b4 $18) 36. Ne7+ Kg7 37. Nf5+ $2 (37. Rxd7 Re6+ 38. Kd3 Bxe7 39. Rb7) 37... gxf5 38. Rxd7 Rxb2+ {[%emt 0:01:17][%mdl 4096] Endgame KRB-KR} 39. Kf3 Bc5 40. Rd5 Rxf2+ 41. Kg3 Be3 42. Kh3 f4 {[%emt 0:30:01] Hoping for ...Kg6.} 43. Rd6 f3 44. gxf3 Rxf3+ (44... Bf4 $142 45. Rd4 Bxh2 46. Rg4+ Kf6 47. Rc4 Kg6 48. Kh4 Bd6 49. f4 Rxf4+ 50. Rxf4 Bxf4 51. Kg4 Bd6 52. Kh4 h5 53. Kh3 Kg5 54. Kg2 h4 55. Kh3 Bg3 56. Kg2 Kg4 57. Kf1 Kf3 58. Kg1 h3 59. Kh1 f6 60. Kg1 f5 61. Kh1 f4 62. Kg1 Ke2 63. Kh1 f3 64. Kg1 f2+ 65. Kh1 f1=Q#) 45. Kg2 Rf2+ {[%emt 0:00:27] Weighted Error Value: White=0.88/Black=0.44} 0-1

[Event "Lliga Catalana DH 2023"]
[Site "Catalonia"]
[Date "2023.03.04"]
[Round "7.3"]
[White "Avila Jimenez, Xavier"]
[Black "Rizouk, Aimen"]
[Result "1-0"]
[ECO "E25"]
[WhiteElo "2142"]
[BlackElo "2454"]
[Annotator "TA"]
[PlyCount "73"]
[EventDate "2023.01.24"]
[EventType "team-tourn"]
[EventCountry "ESP"]
[SourceTitle "playchess.com"]
[Source "ChessBase"]
[SourceQuality "1"]
[TimeControl "40/5400+30:1800+30"]

1. d4 Nf6 2. c4 e6 3. Nc3 Bb4 4. f3 d5 5. a3 Bxc3+ 6. bxc3 c5 7. cxd5 Nxd5 8. dxc5 Qa5 9. e4 Nf6 10. Be3 O-O {[%cal Of6d7] E25: Nimzo-Indian: Sämisch: 5...c5 6 f3 d5 7 cxd5.} 11. a4 Nfd7 12. Kf2 Nxc5 {The position is equal.} 13. Qd6 Nxa4 {Black is weak on the dark squares} 14. Be2 Bd7 15. Nh3 {[#]} Rc8 $146 ({Predecessor:} 15... Bc6 16. Rhc1 Rd8 17. Qb4 Qxb4 18. cxb4 a6 19. Nf4 Bb5 20. Rc7 Nc6 21. Rxb7 Rab8 22. Rxb8 Rxb8 {½-½ Zordick,M (2314)-Kuhne,D (2393) GER-ch50 V07 email 2018}) 16. Rhd1 Be8 17. Qg3 Nc6 {[%mdl 8192] [#] Black is now going downhill.} (17... Nd7 $1 $11 {and Black stays safe.}) 18. Rxa4 $1 $18 Qxa4 (18... Qxc3 19. Rc4 Qf6) 19. Bh6 g6 20. Qd6 Bd7 21. Qf4 {White threatens Qf6 and mate.} ({Not} 21. Qxd7 Qb3 $18) 21... Qa5 22. Rxd7 Rf8 23. Bxf8 ({Weaker is} 23. Qf6 Qe5 24. Qg5 Rfd8 25. Rxb7 Rdb8 26. Rxb8+ Rxb8 $16) (23. Ng5 $142) 23... Rxf8 24. Qh6 {[#] Ng5 is the strong threat.} ({Much less strong is} 24. Rxb7 Qxc3 25. Qh6 Rb8 $18) 24... Qc5+ 25. Kf1 {Ng5 would be deadly. White is clearly winning.} Qxc3 26. Ng5 Qa1+ 27. Kf2 Qh8 28. Rxb7 a5 29. Rc7 Nd8 30. Bb5 Qd4+ (30... e5 $142 31. f4 Qg7 32. Qxg7+ Kxg7 33. fxe5 Kg8) 31. Kg3 Qe5+ 32. f4 Qh8 33. e5 Qg7 34. Qxg7+ Kxg7 35. Ra7 h6 36. Ne4 g5 37. fxg5 {An entertaining game by Avila Jimenez.   Weighted Error Value: White=0.30/Black=0.48} 1-0

[Event "Lliga Catalana DH 2023"]
[Site "Catalonia"]
[Date "2023.03.04"]
[Round "7.4"]
[White "Lorenzo De La Riva, Lazaro"]
[Black "Ayas Fernandez, Antonio"]
[Result "1/2-1/2"]
[ECO "B40"]
[WhiteElo "2420"]
[BlackElo "2193"]
[Annotator "TA"]
[PlyCount "241"]
[EventDate "2023.01.24"]
[EventType "team-tourn"]
[EventCountry "ESP"]
[SourceTitle "playchess.com"]
[Source "ChessBase"]
[SourceQuality "1"]
[TimeControl "40/5400+30:1800+30"]

1. e4 c5 2. Nf3 e6 3. g3 d5 4. exd5 exd5 5. d4 Nf6 6. Bg2 Be7 7. O-O O-O 8. Nc3 Nc6 9. dxc5 Bxc5 10. Qd3 Nb4 11. Qb5 Qb6 12. Bg5 Ne4 13. Qxb6 axb6 14. Nxe4 dxe4 15. Nd2 Nxc2 16. Rac1 Nd4 17. Rfe1 Bg4 18. Rxe4 Ne2+ 19. Kf1 Nxc1 20. Rxg4 f5 21. Rh4 Nxa2 22. Bd5+ Kh8 23. Nf3 Nb4 24. Bc4 Nc6 25. Bd2 Be7 26. Rh5 g6 27. Rh3 h5 28. Ng5 Bxg5 29. Bxg5 Ne5 30. Bd5 Kh7 31. Rh4 Ng4 32. h3 Nf6 33. Bxb7 Ra1+ 34. Kg2 {[#]} Ne4 ({Black should play} 34... Rf7 $1 $15) 35. Bxe4 $11 fxe4 36. Rxe4 Ra7 37. Be3 Rb7 38. Re6 b5 39. b4 Rf5 40. Re8 Kg7 41. Rd8 Kf7 42. Bc5 Rxc5 43. bxc5 b4 44. c6 Rc7 $1 45. Rb8 Rxc6 46. Rxb4 Rc3 47. Rb6 Kg7 48. Rb7+ Kf6 49. h4 Ra3 50. Rb6+ Kg7 51. Rb4 Rc3 52. Rf4 Ra3 53. Rf3 Ra2 {[#]} 54. Rb3 $1 Rc2 55. Kf3 Kf6 56. Rb6+ Kf5 57. Rb3 (57. Kg2 $16) 57... Rc6 (57... Kf6 $11) 58. Rd3 Ra6 59. Ke3 (59. Rd5+ $16 Ke6 60. Rc5) 59... Re6+ $11 60. Kd2 Rc6 (60... Kg4 $1 $11) 61. Rf3+ ({Better is} 61. Rd4 $16) 61... Ke6 (61... Kg4 $1 $11 {keeps the balance.} 62. Rf4+ Kh3) 62. Ke3 Rc3+ 63. Ke2 Rc2+ 64. Kf1 Ra2 65. Kg2 Rc2 66. Rf4 Rc3 67. Kh3 Ra3 68. f3 Rc3 69. g4 hxg4+ $1 70. Kxg4 Rc5 $1 71. Ra4 Kf6 72. Ra7 Rb5 73. Kg3 Rc5 74. Ra6+ Kf7 75. Kg4 Rb5 76. Ra4 Kf6 77. Rf4+ Kg7 78. Re4 Kf6 79. Re1 Rb4+ 80. Kg3 Ra4 81. Re4 Ra5 82. Rf4+ Kg7 83. Rg4 Kf6 84. Kh3 Rb5 85. Ra4 Rc5 86. Kg4 Rb5 87. f4 Rc5 88. Ra6+ Kf7 89. Ra2 Kf6 90. Ra6+ Kf7 91. Ra8 Rb5 92. Rh8 Kg7 93. Re8 Kf6 94. Re5 Rb1 95. h5 Rg1+ 96. Kf3 gxh5 97. Rxh5 Rf1+ 98. Kg3 $1 Rg1+ 99. Kf2 Ra1 100. Ke3 Re1+ 101. Kf2 Ra1 102. Ke3 Re1+ 103. Kf2 Ra1 104. Re5 Ra3 105. Re8 Rb3 106. Rf8+ Ke7 107. Rf5 $1 Ke6 108. Rg5 Kf6 109. Re5 Ra3 110. Re3 Rxe3 111. Kxe3 Kf5 112. Kf3 Kf6 113. Ke4 Ke6 114. f5+ Kf6 115. Kf4 Kf7 116. Ke5 $1 Ke7 117. f6+ Kf7 118. Kf5 Kf8 119. Ke6 (119. Ke5 $5) 119... Ke8 120. f7+ Kf8 121. Kf6 1/2-1/2

[Event "Lliga Catalana DH 2023"]
[Site "Catalonia"]
[Date "2023.03.04"]
[Round "7.4"]
[White "Iglesias Romero, Jorge"]
[Black "Ortega Serra, Marc"]
[Result "1/2-1/2"]
[ECO "D02"]
[WhiteElo "2271"]
[BlackElo "2313"]
[Annotator "TA"]
[PlyCount "27"]
[EventDate "2023.01.24"]
[EventType "team-tourn"]
[EventCountry "ESP"]
[SourceTitle "playchess.com"]
[Source "ChessBase"]
[SourceQuality "1"]
[TimeControl "40/5400+30:1800+30"]

1. Nf3 d5 2. d4 Nf6 3. g3 c5 4. c3 e6 5. Bg2 Nc6 6. O-O Bd6 7. dxc5 Bxc5 8. Bg5 {[%emt 0:00:23][%cal Oe2e4] D02: 1 d4 d5 2 Nf3 sidelines, including 2...Nf6 3 g3 and 2...Nf6 3 Bf4.} Be7 9. Nbd2 O-O 10. Bxf6 Bxf6 11. e4 d4 12. cxd4 {[%emt 0:01:18] [#]} Nxd4 $146 ({Predecessor:} 12... Bxd4 13. Nxd4 Qxd4 14. Qc1 e5 15. Rd1 Bg4 16. Nf3 Qb6 17. Rd5 Rac8 18. Qd2 Bxf3 19. Bxf3 {0-1 Nasonov,V (2158)-Yachmenev,M (2267) Petrozavodsk 2010 (5)}) 13. e5 Be7 14. Nc4 {[%emt 0:02:21] A rather calm draw.   Weighted Error Value: White=0.02 (flawless) /Black=0.03 (flawless)} 1/2-1/2

[Event "Lliga Catalana DH 2023"]
[Site "Catalonia"]
[Date "2023.03.04"]
[Round "7.5"]
[White "Saguillo Gonzalez, Oriol"]
[Black "Salgado Allaria, Carlos"]
[Result "0-1"]
[ECO "B40"]
[WhiteElo "2168"]
[BlackElo "2234"]
[Annotator "TA"]
[PlyCount "80"]
[EventDate "2023.01.24"]
[EventType "team-tourn"]
[EventCountry "ESP"]
[SourceTitle "playchess.com"]
[Source "ChessBase"]
[SourceQuality "1"]
[TimeControl "40/5400+30:1800+30"]

1. e4 c5 2. Nf3 e6 3. d4 cxd4 4. Nxd4 Qb6 5. Nb3 Qc7 6. Nc3 a6 7. Be2 {[%emt 0:04:54] B40: Sicilian: 2...e6, Unusual lines.} b5 8. O-O Bb7 9. a3 {[%emt 0:01:44] The position is equal.} Nf6 10. Bf3 d6 11. Be3 Nbd7 {[%emt 0:01:15] [#]} 12. Qd4 $146 ({Predecessor:} 12. Nd2 Be7 13. h3 O-O 14. g3 Rac8 15. Bg2 Ne5 16. f4 Nc4 17. Nxc4 Qxc4 18. Qd4 {½-½ Nassr,L (1854)-Celik,E (2014) Wch U20 Girls 36th 2018 (2)}) 12... e5 (12... Rb8 $15) 13. Qd2 (13. Qb4 $5 ) 13... Be7 14. Nc1 Nb6 15. Bxb6 Qxb6 16. Nd3 Rc8 17. Nb4 a5 18. Nbd5 Nxd5 19. Nxd5 Bxd5 20. Qxd5 O-O 21. c3 Rc5 22. Qb3 Rb8 23. Rfd1 Qc6 24. Rd3 Rb6 25. Rad1 g6 26. Rd5 Kg7 27. R1d3 Rc4 28. h3 Rc5 29. Be2 Rb7 30. Rd2 Rb6 31. R2d3 Rb7 {[%emt 0:00:08] [#]} 32. h4 Bxh4 $15 33. Rxd6 Qxe4 34. Qd1 {[%emt 0:00:35] aiming for g3.} Re7 (34... Qf5 $15 {is superior.} 35. Rf3 Qc8) 35. b4 $11 axb4 36. axb4 Rc8 37. Bf3 Qc4 {[%emt 0:02:11] Hoping for ...e4.} 38. Bd5 Qc7 39. Bc6 $2 {[%emt 0:01:27][%mdl 8192] [#]} (39. Be4 $1 $11 {and White has nothing to worry.}) 39... Bxf2+ $1 $19 {[%emt 0:00:26][%mdl 576] Decoy} 40. Kxf2 {[%emt 0:00:19] Threatens to win with Qf3.} Qb6+ {[%emt 0:00:05] Weighted Error Value: White=0.24 (precise) /Black=0.12 (very precise)} 0-1

[Event "Lliga Catalana DH 2023"]
[Site "Catalonia"]
[Date "2023.03.04"]
[Round "7.5"]
[White "Rodriguez Garcia, Yuliesky"]
[Black "Alonso Moyano, Jonathan"]
[Result "1/2-1/2"]
[ECO "A87"]
[WhiteElo "2161"]
[BlackElo "2339"]
[Annotator "TA"]
[PlyCount "86"]
[EventDate "2023.01.24"]
[EventType "team-tourn"]
[EventCountry "ESP"]
[SourceTitle "playchess.com"]
[Source "ChessBase"]
[SourceQuality "1"]
[TimeControl "40/5400+30:1800+30"]

1. Nf3 f5 2. g3 Nf6 3. Bg2 d6 4. d4 g6 5. O-O Bg7 6. c4 O-O 7. Nc3 Qe8 8. d5 Na6 $1 {The main line 8...Na6 scores better than 8...a5.} 9. Be3 {has lost popularity (9.Nd4).} c6 10. h3 {A87: Dutch Defence: Leningrad System: 5 Nf3.} Bd7 11. Qd2 (11. Qb3 $5 ) 11... cxd5 12. cxd5 {[#] White has an edge.} Nc5 $146 ({Predecessor:} 12... b6 13. Bh6 Nc5 14. Bxg7 Kxg7 15. Qd4 h6 16. b4 Na4 17. Rac1 Qf7 18. Nxa4 Bxa4 {½-½ Schauerte,K-Jahnke,K NRW-ch U20 Girls 1989 (4)}) 13. Bxc5 dxc5 14. Ne5 b5 15. a4 b4 16. Nb5 {aiming for Nc7. Excellent horsemanship.} Ne4 17. Bxe4 Bxe5 (17... fxe4 $2 18. Nc7 Qd8 19. Nxd7 (19. Nxa8 $2 Bxe5 20. Rac1 Bxh3 $19) 19... Qxd7 20. Nxa8 $18) 18. d6 fxe4 19. Qd5+ Qf7 20. Qxe5 Bxh3 21. dxe7 {Active counter play!} Rfe8 {Black is weak on the dark squares} 22. Rfc1 (22. Nd6 $14 Qxe7 23. Qd5+ Be6 24. Qxc5) 22... Rxe7 $11 23. Qxc5 a5 (23... Rf8 $142 $1) 24. Qe3 (24. Nd6 $11 Qe6 25. Rc4) 24... Rd8 (24... Rf8 $15) 25. Rd1 Rd5 26. Rd4 (26. Nd6 {with more complications.} Qe6 27. Rxd5 Qxd5 28. Qb6) 26... Rxd4 27. Nxd4 Qd5 {Against Nc6} 28. Rc1 h5 29. b3 Kh7 $2 (29... Rf7 $11 {and Black is okay.}) 30. Nf3 $1 $18 {Hoping for Ng5+.} Bf5 31. Rc5 Qd1+ 32. Kh2 {And now Nd4 would win.} Rd7 {Wards off Nd4} (32... Qd8 $142) 33. Ne5 Re7 34. Rxa5 Qf1 {[#]} 35. g4 $2 hxg4 $16 36. Qg3 {Intending Qh4+ and mate.} Kg7 {[#]} 37. Qh4 ({Of course not} 37. Nxg4 $6 Bxg4 38. Rg5 Rf7 $11) (37. e3 $1 $16) 37... Rc7 $14 38. Ra8 {Really sharp!} ({Much weaker is} 38. Nxg4 $6 Bxg4 39. Ra6 Rf7 $11) ({Better is} 38. Ra6 $16 Qxe2 39. Ra8 g3+ 40. Kxg3 (40. Qxg3 Rc2 $11)) 38... Qh3+ $11 {The position is equal.} 39. Qxh3 gxh3 40. Nc4 $1 Be6 41. Rb8 Bxc4 42. bxc4 Rxc4 43. Kxh3 Rc2 {White really could win this.   Weighted Error Value: White=0.28 (precise) /Black=0.23 (precise)} 1/2-1/2

[Event "Lliga Catalana DH 2023"]
[Site "Catalonia"]
[Date "2023.03.04"]
[Round "7.6"]
[White "Perez Manas, Benjamin"]
[Black "Pros Heras, Jordi"]
[Result "1-0"]
[ECO "C07"]
[WhiteElo "2192"]
[BlackElo "2054"]
[Annotator "TA"]
[PlyCount "107"]
[EventDate "2023.01.24"]
[EventType "team-tourn"]
[EventCountry "ESP"]
[SourceTitle "playchess.com"]
[Source "ChessBase"]
[SourceQuality "1"]
[TimeControl "40/5400+30:1800+30"]

1. e4 e6 2. d4 d5 3. Nd2 c5 4. Ngf3 cxd4 5. exd5 Qxd5 6. Bc4 Qd7 {C07: French Tarrasch: 3...c5, 4 Ngf3 and 4 exd5 Qxd5.} 7. O-O Nc6 8. Nb3 a6 {The position is equal.} 9. Nbxd4 Nxd4 10. Nxd4 Qc7 {Prevents Bf4.} 11. Bb3 {11.Bd3 gains popularity.} Bd6 12. h3 Nf6 {[%cal Bg8f6,Bf6e4,Be4c5][%mdl 32] Repels Qg4} 13. Bg5 Ne4 14. Be3 Nc5 15. Bc4 O-O {[#]} 16. c3 $146 ({Predecessor:} 16. a4 b6 17. b3 Bb7 18. Qg4 Rad8 19. Rad1 Kh8 20. Rfe1 f5 21. Qh5 e5 22. Nf3 Bxf3 23. Qxf3 {1-0 Lu,S (2641)-Gao,R (2546) CHN-ch rapid 2017 (4)}) 16... Bd7 17. Qc2 Rac8 18. Rfd1 Bh2+ 19. Kh1 Bf4 20. Re1 Bxe3 21. Rxe3 Qf4 (21... b5 $5 22. Bb3 g6 $11) 22. Rae1 b5 23. Bf1 b4 {[%mdl 64] Deflection} 24. cxb4 (24. Rd1 $5 ) 24... Qxd4 25. bxc5 Rxc5 26. Rc3 Ba4 27. Re4 Rxc3 (27... Bxc2 {simplifies} 28. Rxd4 Rxc3 29. bxc3 a5) 28. bxc3 {[%mdl 64] Pin} Bxc2 29. Rxd4 $11 {[%mdl 4096] Endgame KRB-KRB} a5 30. Bb5 Ra8 31. c4 Kf8 32. c5 {c6 would be deadly.} Ra7 33. a4 Ke7 34. f4 Bb3 35. Kg1 Rc7 36. Rd3 Bd5 37. Rc3 Kd8 38. Kf2 Re7 39. g3 Kc7 40. Rd3 g6 41. Ke3 f6 42. h4 h6 43. Rd2 Rg7 44. Kd4 Re7 45. Kc3 Rg7 46. Rd1 Rg8 47. Re1 Rg7 (47... g5 $11) 48. Kd4 Rg8 49. Bc4 $1 {White is more active.} Rd8 {[%mdl 8192] A mistake that costs the game.} (49... Bxc4 $16 50. Kxc4 Re8) 50. Bxd5 $18 Rxd5+ 51. Kc4 Kd7 {[#]} 52. c6+ $1 Kd6 $2 {[#]} (52... Kxc6 $2 53. Rxe6+ Rd6 54. Rxd6+ Kxd6 55. Kb5 $18) (52... Kc7 53. Rxe6 Rf5) 53. Rxe6+ $3 {[%mdl 576] Deflection} Kxe6 54. c7 {Weighted Error Value: White=0.04 (flawless) /Black=0.23 (precise)} 1-0